 Dungeon Crawl Stone Soup version 0.30.1-11-g7821555f0a (webtiles) character file.

Game seed: 16068857599530515646

33 lonewolfV2 the Shield-Bearer (level 3, 0/30 HPs)
             Began as a Formicid Fighter on Nov 14, 2023.
             Succumbed to an adder's poison
             ... on level 2 of the Dungeon.
             The game lasted 00:01:50 (639 turns).

lonewolfV2 the Shield-Bearer (Formicid Fighter)      Turns: 639, Time: 00:01:50

Health: 0/30       AC:  6    Str: 20    XL:     3   Next: 47%
Magic:  3/3        EV:  9    Int:  7    God:
Gold:   81         SH:  5    Dex: 15    Spells: 2/2 levels left

rFire   . . .        a - +0 war axe
rCold   . . .        c - +0 buckler
rNeg    . . .        b - +0 scale mail
rPois   .            (helmet unavailable)
rElec   .            (no cloak)
rCorr   .            (no gloves)
SInv    +            (no boots)
Will    .....        (no amulet) Stlth
                     (no ring)
HPRegen 0.25/turn    (no ring)
MPRegen 0.08/turn

%: no passive effects
@: lethally poisoned (0 -> -5), attractive
A: permanent stasis, dig shafts and tunnels, antennae 3, four strong arms
a: Dig, Shaft Self


You were on level 2 of the Dungeon.
You visited 1 branch of the dungeon, and saw 2 of its levels.

You collected 81 gold pieces.

Inventory:

Hand Weapons
 a - a +0 war axe (weapon)
Armour
 b - a +0 scale mail (worn)
 c - a +0 buckler (worn)
Scrolls
 f - a scroll of enchant armour {unknown}
 g - a scroll of acquirement {unknown}
 i - 4 scrolls of identify {unknown}
Potions
 d - a potion of might
 e - a potion of haste


   Skills:
 + Level 3.8 Fighting
 - Level 2.0 Axes
 - Level 3.2 Armour
 * Level 5.2 Shields


You had 2 spell levels left.
You didn't know any spells.
Your spell library contained the following spells:

 Spells                   Type           Power      Damage    Failure   Level
 Petrify                  Tmut/Erth      0%         N/A       100%        4
 Metabolic Englaciation   Hex/Ice        0%         N/A       100%        5
 Statue Form              Tmut/Erth      0%         N/A       100%        6


Dungeon Overview and Level Annotations

Branches:
Dungeon (2/15)

Altars:


Innate Abilities, Weirdness & Mutations

You cannot be hasted, slowed, berserked, paralysed or teleported.
You can dig through walls and to a lower floor.
You have a pair of large antennae on your head. (SInv)
Your four strong arms can wield two-handed weapons with a shield.


Message History

You are poisoned.
The adder poisons you!
You hit the ball python.
You kill the ball python!
You hit the adder. You hit the ball python.
You kill the ball python!
You feel sick. The adder bites you but does no damage.
You block the adder's attack.
You barely miss the hobgoblin. You barely miss the adder.
You feel sick. The hobgoblin hits you. The adder bites you.
You are more poisoned.
The adder poisons you! The hobgoblin completely misses you.
The adder bites you.
You closely miss the hobgoblin. You slash the frilled lizard!
You kill the frilled lizard!
You barely miss the adder.
You feel sick. The adder bites you but does no damage.
The hobgoblin barely misses you.
Unknown command.
You completely miss the hobgoblin. You closely miss the adder.
You feel sick. The adder barely misses you.
The hobgoblin hits you but does no damage.
The adder bites you.
You are lethally poisoned!
The adder poisons you!
The hobgoblin hits you but does no damage.
You slash the hobgoblin!
You kill the hobgoblin!
You miss the adder.
* * * LOW HITPOINT WARNING * * *
You feel very sick. The adder bites you but does no damage.
The adder barely misses you.
It was a potion of attraction.
You feel attractive to monsters.
* * * LOW HITPOINT WARNING * * *
You feel sick. The adder bites you.
* * * LOW HITPOINT WARNING * * *
The adder bites you but does no damage.
It was a potion of haste.
Your stasis prevents you from being hasted.
You die...

#.# #!.#. #.# ?...
#.###### ...
#......####
#..##........>.
#####..#..........#
.......#..........#
......S†..........#
#....†@..........#
......#########...#
###### ##.# ..


You could see an adder.

Vanquished Creatures
  A bat (D:1)
  3 endoplasms (D:1)
  3 giant cockroaches (D:1)
  9 hobgoblins
  4 ball pythons
  6 frilled lizards
  A goblin (D:1)
  2 kobolds (D:1)
  3 rats (D:1)
32 creatures vanquished.

Notes
Turn   | Place    | Note
-------+----------+-------------------------------------------
     0 | D:1      | lonewolfV2 the Formicid Fighter began the quest for the
                  | Orb.
     0 | D:1      | Reached XP level 1. HP: 18/18 MP: 1/1
   144 | D:1      | Reached XP level 2. HP: 20/24 MP: 2/2
   236 | D:1      | Reached XP level 3. HP: 23/30 MP: 3/3
   322 | D:1      | Reached skill level 5 in Shields
   617 | D:1      | You fall into a shaft and drop 1 floor!
   639 | D:2      | Succumbed to an adder's poison

Illustrated notes

Levels and vault maps discovered:
D:1:      onia_arrival_pentagram, layout_loops_ring, minmay_pentomino_q4
D:2:      layout_basic, basic_altar, minmay_randomly_rotated_circles

Skill      XL: |  1  2  3 |
---------------+----------+-----
Shields        | 5 |  5.2
Fighting       | |  3.8
Axes           | |  2.0
Armour         | |  3.2

Action                     || total
---------------------------++-------
  Melee: War axe           ||    57
    Use: Potion            ||     2
 Armour: Scale mail        ||    35
  Dodge: Dodged            ||    39
  Block: Buckler           ||    19
